 Dungeon Crawl Stone Soup version 0.19-a0-536-g4d3b45e (webtiles) character file.

77 Enroth the Sneak (level 4, 0/33 HPs)
             Began as a Vampire Assassin on June 8, 2016.
             Killed by nerve-wracking pain
             ... invoked by an orc priest
              (2 damage)
             ... on level 2 of the Dungeon.
             The game lasted 00:06:38 (1772 turns).

Enroth the Sneak (Vampire Assassin)                 Turns: 1772, Time: 00:06:41

Health: 0/33       AC:  4    Str: 10    XL:     4   Next: 14%
Magic:  4/4        EV: 12    Int: 13    God:
Gold:   76         SH:  0    Dex: 16    Spells: 0 memorised, 3 levels left

rFire  . . .     SeeInvis +     n - -3 dagger (curse)
rCold  + . .     Gourm    .     m - +0 leather armour
rNeg   + + .     Faith    .     (no shield)
rPois  +         Spirit   .     (no helmet)
rElec  .         Dismiss  .     d - +0 cloak
rCorr  .         Reflect  .     (no gloves)
SustAt .         Harm     .     (no boots)
MR     .....                    (no amulet)
Stlth  ++++......               (no ring)
                                (no ring)

@: regenerating slowly, not resistant to hostile enchantments, stealthy
A: fangs 3, see invisible, unbreathing
a: Bat Form


You were on level 2 of the Dungeon.
You were thirsty.

You visited 1 branch of the dungeon, and saw 3 of its levels.

You collected 76 gold pieces.

Inventory:

Hand Weapons
 a - a +4 dagger
 b - a +0 blowgun
 n - a cursed -3 dagger (weapon)
Missiles
 e - 36 poisoned needles
 f - 2 curare-tipped needles
Armour
 d - a +0 cloak (worn)
 m - a +0 leather armour (worn)
Scrolls
 c - 2 scrolls of fear
Potions
 h - a potion of heal wounds {unknown}
 k - a potion of curing


   Skills:
 + Level 1.9 Fighting
 + Level 2.2 Short Blades
 + Level 1.8 Throwing
 + Level 2.3 Dodging
 * Level 7.6 Stealth


You had 3 spell levels left.
You didn't know any spells.

Dungeon Overview and Level Annotations

Branches:
Dungeon (3/15)

Altars:
Gozag
Ru


Innate Abilities, Weirdness & Mutations

You heal slowly.
You have razor-sharp teeth.
You have supernaturally acute eyesight. (SInv)
You can survive without breathing.


Message History

* * * LOW HITPOINT WARNING * * *
The orc wizard closely misses you.
You hit the orc priest but do no damage.
The orc priest is moderately wounded.
The orc wizard hits you with a dagger.
* * * LOW HITPOINT WARNING * * *
The orc priest hits you but does no damage.
You hit the orc priest but do no damage.
The orc priest is moderately wounded.
The orc wizard hits you but does no damage.
The orc priest hits you.
* * * LOW HITPOINT WARNING * * *
It was a potion of curing.
You feel better. The orc wizard casts a spell at you.
The puff of flame hits you!
* * * LOW HITPOINT WARNING * * *
The orc wizard hits you but does no damage.
The orc priest calls down the wrath of Beogh upon you.
Pain shoots through your body!
You die...

##.).........# #.#####
##.###....##.# #.# ##.# #.#.###.#
#.# ##.# #.#.# #.# #.# ##.# #...#
#.#### #.# ##.# #..## #.##.######
#.# ##.# #..# #.........######.#
...# #..## #...o............#####
##.###...###...o@###.######......
..............#.## #.# ######.
...##.......#.#.# #.# #.
#####...###.#.#.####.######### #.
#..[# #.#.#.........)....# #. #
#...# #.#.######.#######.# #.
#####...# #.#.# #.# #.# #.
(.......# #.#.# #.# #.# #.
........# #.#.# #.# #.# #.


You could see an orc priest and an orc wizard.

Vanquished Creatures
  2 adders
  A worm (D:2)
  3 giant geckos (D:1)
  A giant cockroach (D:1)
  11 goblins
  10 hobgoblins
  3 jackals (D:2)
  A ball python (D:2)
  3 bats
  3 giant newts
  5 kobolds
  5 rats
48 creatures vanquished.

Notes
Turn   | Place    | Note
--------------------------------------------------------------
     0 | D:1      | Enroth the Vampire Assassin began the quest for the Orb.
     0 | D:1      | Reached XP level 1. HP: 16/16 MP: 1/1
    43 | D:1      | Reached skill level 6 in Stealth
   130 | D:1      | Reached XP level 2. HP: 3/22 MP: 2/2
   691 | D:1      | Reached skill level 7 in Stealth
   739 | D:1      | Reached XP level 3. HP: 8/27 MP: 3/3
  1028 | D:2      | Found an opulent altar of Gozag.
  1041 | D:2      | Found a sacrificial altar of Ru.
  1688 | D:3      | Reached XP level 4. HP: 33/33 MP: 4/4
  1772 | D:2      | Killed from afar by an orc priest

Vault maps used:
D:1:      minmay_arrival_shattered_statue
D:2:      nicolae_overflow_crystal_walls, grunt_gozag_statues

Skill      XL: |  1  2  3 |
---------------+----------+-----
Stealth        | 6 7 |  7.6
Dodging        | 2 |  2.3
Fighting       | |  1.9
Short Blades   | |  2.2
Throwing       | |  1.8

Action                   |  1- 3 |  4- 6 || total
-------------------------+-------+-------++-------
Melee: Dagger            |   155 |    21 ||   176
       Bite              |    12 |     1 ||    13
  Use: Potion            |     1 |     1 ||     2
       Scroll            |     6 |     1 ||     7
 Stab: Sleeping          |     8 |       ||     8
Armor: Robe              |    22 |       ||    22
       Leather armour    |    10 |    14 ||    24
Dodge: Dodged            |    77 |     9 ||    86
